 Dungeon Crawl Stone Soup version 0.26.1-2-gb8aa6d0cf2 (webtiles) character file.

Game seed: 376932513578895168

127 Gadfly the Skirmisher (level 5, 0/54 HPs)
             Began as an Ogre Monk on Feb 11, 2021.
             Slain by a gnoll
             ... wielding a +0 club
              (5 damage)
             ... on level 3 of the Dungeon on Feb 12, 2021.
             The game lasted 00:05:03 (2902 turns).

Gadfly the Skirmisher (Ogre Monk)                   Turns: 2902, Time: 00:05:03

Health: 0/54       AC:  5    Str: 16    XL:     5   Next: 11%
Magic:  6/6        EV: 10    Int: 11    God:
Gold:   129        SH:  0    Dex: 11    Spells: 4/4 levels left

rFire    . . .     SeeInvis .   b - +3 quarterstaff (chaos)
rCold    . . .     Faith    .   (shield currently unavailable)
rNeg     . . .     Spirit   .   d - +0 robe
rPois    .         Reflect  .   (helmet restricted)
rElec    .         Harm     .   g - +1 cloak
rCorr    .         Rampage  .   (gloves unavailable)
Will     .....                  (boots unavailable)
Stlth    ++........             (no amulet)
HPRegen  0.18/turn              (no ring)
MPRegen  0.10/turn              (no ring)

@: no status effects
A: large, unfitting armour, tough skin 1
a: no special abilities


You were on level 3 of the Dungeon.
You visited 1 branch of the dungeon, and saw 3 of its levels.

You collected 129 gold pieces.

Inventory:

Hand Weapons
 a - a +0 mace
 b - a +3 quarterstaff of chaos (weapon)
Missiles
 c - 89 stones (quivered)
 h - 4 large rocks
Armour
 d - a +0 robe (worn)
 g - a +1 cloak (worn)
Scrolls
 e - a scroll of magic mapping
 f - a scroll of teleportation {unknown}
Potions
 i - a potion of degeneration {unknown}
 j - a potion of cancellation {unknown}
 k - 3 potions of brilliance {unknown}


   Skills:
 - Level 4.0 Fighting
 + Level 3.1 Maces & Flails
 * Level 1.9 Throwing
 * Level 1.5 Armour
 - Level 2.6 Dodging
 - Level 1.4 Stealth
 * Level 2.0 Invocations
 * Level 1.5 Evocations


You had 4 spell levels left.
You didn't know any spells.
Your spell library was empty.

Dungeon Overview and Level Annotations

Branches:
Dungeon (3/15)

Altars:


Innate Abilities, Weirdness & Mutations

You are too large for most types of armour.
You have tough skin. (AC +1)


Message History

The gnoll closely misses you.
The gnoll hits you from afar with a +0 spear.
The gnoll hits you but does no damage.
You hit the gnoll. You freeze the gnoll.
The gnoll is almost dead.
The gnoll hits you from afar with a +0 spear.
The gnoll barely misses you.
The gnoll hits you from afar with a +0 spear.
* * * LOW HITPOINT WARNING * * *
You closely miss the gnoll.
The gnoll is almost dead.
The gnoll hits you but does no damage.
The gnoll hits you from afar with a +0 spear.
* * * LOW HITPOINT WARNING * * *
You thump the gnoll! Lightning courses through the gnoll!
You kill the gnoll!
The gnoll hits you from afar with a +0 spear.
* * * LOW HITPOINT WARNING * * *
The gnoll hits you with a +0 club.
You die...

.........<..#######
..................
.. ....#..#####
#..# ..
######.###### #..
o# #......# #.# #.#
######.###.# ..##
#.....# ...####
####..###)......
#.>@gg...#
#.###o.#..... #.#
..## ... #.#.### .
#.#. ..# ...


You could see 2 gnolls and an orc.

Vanquished Creatures
  Crazy Yiuf (D:2)
  5 gnolls
  An adder (D:2)
  2 worms (D:2)
  A dart slug (D:1)
  A leopard gecko (D:1)
  A ball python (D:3)
  A giant cockroach (D:1)
  A goblin (D:2)
  8 hobgoblins
  4 jackals
  5 bats
  2 frilled lizards
  3 kobolds
  9 rats
45 creatures vanquished.

Vanquished Creatures (collateral kills)
  A giant cockroach (D:3)
1 creature vanquished.

Grand Total: 46 creatures vanquished

Notes
Turn   | Place    | Note
-------+----------+-------------------------------------------
     0 | D:1      | Gadfly the Ogre Monk began the quest for the Orb.
     0 | D:1      | Reached XP level 1. HP: 24/24 MP: 1/1
   174 | D:1      | Reached XP level 2. HP: 19/32 MP: 2/2
   887 | D:1      | Reached skill level 1 in Throwing
   887 | D:1      | Reached skill level 1 in Invocations
  1102 | D:1      | Reached XP level 3. HP: 39/39 MP: 3/3
  1319 | D:2      | Reached skill level 1 in Armour
  1801 | D:2      | Reached skill level 1 in Evocations
  2052 | D:2      | Reached XP level 4. HP: 38/48 MP: 3/5
  2243 | D:2      | Found a runed translucent door.
  2244 | D:2      | Noticed Crazy Yiuf
  2651 | D:2      | Killed Crazy Yiuf
  2784 | D:3      | Reached XP level 5. HP: 48/54 MP: 6/6
  2902 | D:3      | Slain by a gnoll

Illustrated notes

Levels and vault maps discovered:
D:1:      elethiomel_arrival_maze, layout_basic, minmay_stone_trees_medium
D:2:      layout_basic, kennysheep_nub, uniq_crazy_yiuf_cottage
D:3:      layout_rooms, minmay_misc_feat_x, uniq_sigmund

Skill      XL: |  1  2  3  4  5 |
---------------+----------------+-----
Throwing       | 1 |  1.9
Invocations    | 1 2 |  2.0
Armour         | 1 |  1.5
Evocations     | 1 |  1.5
Maces & Flails | 3 |  3.1
Fighting       | |  4.0
Dodging        | |  2.6
Stealth        | |  1.4

Action                   |  1- 3 |  4- 6 || total
-------------------------+-------+-------++-------
Melee: Mace              |   102 |    24 ||   126
       Quarterstaff      |       |    22 ||    22
Throw: Stone             |    19 |     9 ||    28
       Throwing net      |       |     1 ||     1
  Use: Scroll            |     3 |     1 ||     4
       Potion            |     2 |     1 ||     3
 Stab: Sleeping          |     2 |     2 ||     4
Armor: Robe              |    20 |    10 ||    30
Dodge: Dodged            |    66 |    24 ||    90
